AoeStats
← damiansima

Lombardia

510191469Analyzed
4v4 RM · 3d ago on Sep 29, 2026· 26m 32s· 8 players
Game mode
Random Map
Map size
Large (8 player)
Population
200
Speed
Normal
Resources
Standard
Victory
Conquest
Starting age
Dark Age
Ending age
Imperial Age
RankedLock teamsTeams togetherTeam positionsShared explorationLock speedFull tech treeHidden civsTurbo modeCheats
Victory
Defeat
🇦🇷 Hindustanis · Argentina
1217
+13
🇦🇷 Franks · Argentina
1185
+14
🇦🇷 Spanish · Argentina
1148
+16
🇧🇷 Mongols · Brazil
1040
+21
🇷🇺 Maya · Russia
1212
-19
🇺🇸 Malians · United States
1160
-17
🇫🇷 Jurchens · France
1134
-15
🇲🇹 Wei · Malta
1078
-13
Alarich1000
senninha
6:25 Loom
9:04 Feudal Age
10:38 Double-Bit Axe
15:12 Forging
20:18 Castle Age
18:47 Horse Collar
20:25 Gold Mining
22:27 Scale Barding Armor
Agent Tom
Unlucky
4:29 Loom
damiansima
11:37 Feudal Age
16:14 Castle Age
14:00 Loom
14:20 Double-Bit Axe
14:48 Horse Collar
17:45 Bow Saw
[Lw] MasterGace
10:41 Feudal Age
Luizin
2:20 Loom
2:41 Loom
6:12 Loom
10:19 Feudal Age
13:21 Double-Bit Axe
15:01 Bloodlines
17:32 Horse Collar
18:19 Forging
18:14 Scale Barding Armor
24:33 Castle Age
25:20 Husbandry
25:27 Scale Barding Armor
25:57 Iron Casting
26:25 Wheelbarrow
27:09 Bow Saw
[Lw] Durandarte
8:43 Loom
11:26 Feudal Age
Connection lost

Rejoining the realm…

Still unreachable

The connection could not be restored.

Session expired

The server has moved on; the page needs a fresh start.